 Dungeon Sprint DCSS version 0.23.0-3-gf3c87f2 (webtiles) character file.

Game seed: 14067958152268901424

123926473 nuthulu the Invulnerable (level 24, 181/181 HPs)
             Began as a Gargoyle Fighter on Feb 23, 2019.
             Was the Champion of the Shining One.
             Escaped with the Orb
             ... and 17 runes!
             The game lasted 00:43:17 (14717 turns).

nuthulu the Invulnerable (Gargoyle Fighter)        Turns: 14717, Time: 00:43:18

Health: 181/181    AC: 47    Str: 39    XL:     24   Next: 27%
Magic:  52/52      EV: 28    Int:  9    God:    the Shining One [******]
Gold:   491        SH: 30    Dex: 15    Spells: 74/74 levels left

rFire    + + .     SeeInvis .   p - +9 morningstar (holy)
rCold    + + +     Gourm    .   N - +0 large shield
rNeg     + + +     Faith    .   q - +0 gold dragon scales
rPois    ∞         Spirit   .   a - -2 hat of the Alchemist {rElec rPois rF+ rC+ rN+ MR+ rMut rCorr}
rElec    +         Reflect  .   X - +2 cloak
rCorr    +         Harm     .   d - +0 pair of gloves {Str+3}
rMut     +         NoTele   +   Q - +0 pair of boots of the Yeti {Str+4 Slay+5}
MR       ++...                  f - amulet of regeneration
Stlth    +.........             Y - ring of the Princess {EV+3 Dex+6 Stlth+}
HPRegen  0.80/turn              z - ring of protection from cold
MPRegen  0.33/turn

@: glowing
A: big wings, hooves 1, thin metallic scales 1, deformed body, negative energy
resistance 1, screaming 1, electricity resistance, unbreathing, petrification
resistance, rot immunity, AC +18
0: Orb of Zot
}: 17/17 runes: decaying, serpentine, barnacled, slimy, elven, silver, golden,
iron, obsidian, icy, bone, abyssal, glowing, magical, fiery, dark, gossamer
a: Fly, Divine Shield, Cleansing Flame, Summon Divine Warrior, Renounce Religion


You escaped.
You worshipped the Shining One.
The Shining One was exalted by your worship.
You were not hungry.

You visited 1 branch You collected 1971 gold pieces.
You spent 1480 gold pieces at shops.

Inventory:

Hand Weapons
 l - a +1 morningstar of protection
 p - a +9 morningstar of holy wrath (weapon)
 r - the +6 morningstar of Effaeps {freeze, MR++}
   (Okawaru gifted it to you in the Dungeon)

   It has been specially enchanted to freeze those struck by it, causing extra
   injury to most foes and up to half again as much damage against particularly
   susceptible opponents.
   It can also slow down cold-blooded creatures.
   It affects your resistance to hostile enchantments.
 s - a +1 morningstar of holy wrath
 y - a +2 flail of protection
 M - a +3 eveningstar of flaming
 P - a +4 mace of protection
 W - the +5 demon whip "Sinteoh" {flame, Int+4}
   (You found it in the Dungeon)

   It has been specially enchanted to burn those struck by it, causing extra
   injury to most foes and up to half again as much damage against particularly
   susceptible opponents.
   It affects your intelligence (+4).
   The Shining One disapproves of the use of such an item.
Armour
 a - the -2 hat of the Alchemist (worn) {rElec rPois rF+ rC+ rN+ MR+ rMut rCorr}
   (Okawaru gifted it to you in the Dungeon)

   It protects you from fire.
   It protects you from cold.
   It insulates you from electricity.
   It protects you from poison.
   It protects you from negative energy.
   It affects your resistance to hostile enchantments.
   It provides partial protection from all sources of acid and corrosion.
   It protects you from mutation.
 c - the +0 hat "Feati" {rF+ Regen+ rCorr}
   (You found it in the Dungeon)

   It protects you from fire.
   It increases your rate of regeneration.
   It provides partial protection from all sources of acid and corrosion.
 d - a +0 pair of gloves of strength (worn)
 q - +0 gold dragon scales (worn)
 N - a +0 large shield (worn)
 Q - the +0 pair of boots of the Yeti (worn) {Str+4 Slay+5}
   (Okawaru gifted it to you in the Dungeon)

   It affects your strength (+4).
   It affects your accuracy and damage with ranged weapons and melee attacks
   (+5).
 X - a +2 cloak (worn)
Jewellery
 f - an amulet of regeneration (around neck)
 z - a ring of protection from cold (right hand)
 D - an uncursed ring of positive energy
 E - an uncursed ring of resist corrosion
 H - a +2 ring of slaying
 I - a +6 ring of intelligence
 K - a +5 ring of intelligence
 R - the ring of Uskayaw's Envy {Int+6 Dex+5 Slay+2}
   (You found it in the Dungeon)

   [ring of intelligence]

   It affects your intelligence (+6).
   It affects your dexterity (+5).
   It affects your accuracy and damage with ranged weapons and melee attacks
   (+2).
 S - the ring "Feeshuk" {Fire rElec Str+3 Int+4 Dex-2}
   (You found it in the Dungeon)

   [ring of fire]

   It enhances your fire magic.
   It affects your strength (+3).
   It affects your intelligence (+4).
   It affects your dexterity (-2).
   It protects you from fire.
   It makes you vulnerable to cold.
   It insulates you from electricity.
 T - the ring "Fumpaefy" {rPois Str+4 Int+3 Dex+3 SInv}
   (You found it in the Dungeon)

   [ring of see invisible]

   It affects your strength (+4).
   It affects your intelligence (+3).
   It affects your dexterity (+3).
   It protects you from poison.
   It lets you see invisible.
 U - the amulet "Codybour" {Gourm rPois Dex+2}
   (You found it in the Dungeon)

   [amulet of the gourmand]

   It allows you to eat raw meat even when not hungry.
   It affects your dexterity (+2).
   It protects you from poison.
 V - the ring "Gyth" {Ice Int+3 Dex+3 Slay+2}
   (You found it in the Dungeon)

   [ring of ice]

   It enhances your ice magic.
   It affects your intelligence (+3).
   It affects your dexterity (+3).
   It affects your accuracy and damage with ranged weapons and melee attacks
   (+2).
   It makes you vulnerable to fire.
   It protects you from cold.
 Y - the ring of the Princess (left hand) {EV+3 Dex+6 Stlth+}
   (You found it in the Dungeon)

   [ring of evasion]

   It affects your evasion (+3).
   It affects your dexterity (+6).
   It makes you more stealthy.
Wands
 o - a wand of acid (10)
Scrolls
 b - 4 scrolls of fog
 k - 3 scrolls of blinking
 m - 7 scrolls of remove curse
 n - 3 scrolls of amnesia
 w - 3 scrolls of fear
 x - 2 scrolls of identify
Potions
 i - 4 potions of magic
 j - 3 potions of berserk rage
 L - 3 potions of brilliance
 O - a potion of degeneration {unknown}
Comestibles
 B - 14 rations


   Skills:
 O Level 27 Fighting
   Level 12.7 Long Blades
 O Level 27 Maces & Flails
 + Level 25.8 Throwing
 O Level 27 Armour
 O Level 27 Dodging
 O Level 27 Stealth
 O Level 27 Shields
 O Level 27 Unarmed Combat
 + Level 25.8 Spellcasting
 O Level 27 Invocations
 + Level 25.8 Evocations


You had 74 spell levels left.
You didn't know any spells.
Your spell library was empty.

Dungeon Overview and Level Annotations

Branches:
Dungeon (1/1)

Altars:
Cheibriados
Dithmenos
Elyvilon
Fedhas
Gozag
Hepliaklqana
Kikubaaqudgha
Makhleb
Nemelex Xobeh
Okawaru
Qazlal
Ru
Sif Muna
Trog
Uskayaw
Vehumet
Wu Jian
Xom
Yredelemnul
Zin
The Shining One
Beogh
Jiyva
Lugonu

Shops:
D =*%


Innate Abilities, Weirdness & Mutations

You are resistant to torment.
Your stone body is resilient. (AC +18)
You are immune to poison.
Your large and strong wings let you fly indefinitely.
You resist negative energy. (rN+)
You are resistant to electric shocks. (rElec)
You can survive without breathing.
You are immune to petrification.
You are immune to rotting.
You have large cloven feet.
You are partially covered in thin metallic scales. (AC +2)
Armour fits poorly on your strangely shaped body.
You occasionally shout uncontrollably at your foes.


Message History

There is a corrupted altar of Lugonu here.
There is an ancient bone altar of Kikubaaqudgha here.
There is a hazy altar of Hepliaklqana here.
There is an opulent altar of Gozag here.
There is a blossoming altar of Fedhas here.
There is a white marble altar of Elyvilon here.
There is a shadowy altar of Dithmenos here.
There is a snail-covered altar of Cheibriados here.
There is a roughly hewn altar of Beogh here.
There is an open door to the Temple here.
There is an open door here.
Things that are here:
a +0 short sword; a +0 scale mail
Things that are here:
a +0 dagger; 3 stones
There is an open door to the Dungeon here.
There is a staircase leading out of the dungeon here.
You see here a stone.
You can't go down here!
You have escaped!

.▓.▓.▓)▓.▓.▓.▓.▓)▓
.▓.▓.▓.▓.▓.▓'▓.▓.▓
.▓.▓.▓.▓.▓.▓.▓.▓.▓
.▓.▓.▓.▓.▓)▓.▓.▓)▓
.▓.▓.▓.▓.▓[▓.▓.▓'▓
.▓.▓.▓.▓.▓.▓.▓.▓.▓
.▓.▓.▓.▓.▓.▓.▓.▓.▓
.▓.▓.▓.▓.▓.▓.▓.▓.▓
...▓...▓...▓...▓@▓
▓▓▓▓▓▓▓▓▓▓▓▓▓▓▓▓▓▓


There were no monsters in sight!

Vanquished Creatures
  Cerebov (D)
  Antaeus (D)
  the Royal Jelly (D)
  Asmodeus (D)
  Ereshkigal (D)
  Gloorx Vloq (D)
  Lom Lobon (D)
  Mnoleg (D)
  Dispater (D)
  4 orbs of fire (D)
  6 ancient liches (D)
  7 greater mummies (D)
  4 Killer Klowns (D)
  Sojobo (D)
  A curse toe (D)
  5 pandemonium lords (D)
  3 golden dragons (D)
  Geryon (D)
  Nikola (D)
  A profane servitor (D)
  Jory (D)
  A Brimstone Fiend (D)
  An electric golem (D)
  An Ice Fiend (D)
  32 Orb Guardians (D)
  6 tentacled monstrosities (D)
  4 liches (D)
  6 deep elf blademasters (D)
  2 titans (D)
  8 deep elf master archers (D)
  3 quicksilver dragons (D)
  10 acid blobs (D)
  2 thorn hunters (D)
  Gastronok (D)
  12 sphinxes (D)
  5 death cobs (D)
  8 shadow dragons (D)
  2 storm dragons (D)
  3 tengu reavers (D)
  4 nagarajas (D)
  7 fire giants (D)
  A blood saint (D)
  8 azure jellies (D)
  A draconian knight (D)
  4 ghost moths (D)
  Aizul (D)
  7 emperor scorpions (D)
  2 deep elf sorcerers (D)
  Ilsuiw (D)
  A draconian scorcher (D)
  3 balrugs (D)
  10 frost giants (D)
  A draconian shifter (D)
  A vault warden (D)
  3 cacodemons (D)
  Louise (D)
  3 draconian annihilators (D)
  2 draconian stormcallers (D)
  An ironheart preserver (D)
  2 very ugly things (D)
  5 stone giants (D)
  A reaper (D)
  5 vampire knights (D)
  2 green draconians (D)
  2 deep elf annihilators (D)
  6 black draconians (D)
  A spark wasp (D)
  A lorocyproca (D)
  4 yellow draconians (D)
  2 purple draconians (D)
  3 white draconians (D)
  4 red draconians (D)
  4 death oozes (D)
  Snorg (D)
  5 fire dragons (D)
  2 blizzard demons (D)
  4 mummy priests (D)
  5 merfolk javelineers (D)
  2 merfolk impalers (D)
  An ettin (D)
  7 yaktaur captains (D)
  2 ogre magi (D)
  2 deep elf high priests (D)
  A great orb of eyes (shapeshifter) (D)
  6 ice dragons (D)
  2 rakshasas (D)
  4 great orbs of eyes (D)
  6 hydras (D)
  2 spriggan air magi (D)
  A naga warrior (D)
  3 merfolk avatars (D)
  25 vault guards (D)
  An anaconda (D)
  A ghost crab (D)
  2 merfolk aquamancers (D)
  A shambling mangrove (D)
  A centaur warrior (D)
  An alligator (D)
  2 vampire magi (D)
  A tengu warrior (D)
  4 orc high priests (D)
  3 deep troll shamans (D)
  Nergalle (D)
  7 deep elf knights (D)
  3 shock serpents (D)
  2 soul eaters (D)
  4 sun demons (D)
  4 sixfirhies (D)
  2 glowing orange brains (D)
  A spriggan druid (D)
  An unseen horror (D)
  3 shadow demons (D)
  A deep troll (D)
  5 swamp dragons (D)
  2 flayed ghosts (D)
  A wizard (D)
  2 naga ritualists (D)
  5 deep elf archers (D)
  A harpy (D)
  An infernal demonspawn (D)
  4 ironbrand convokers (D)
  An orb spider (D)
  5 orc knights (D)
  4 deep elf magi (D)
  2 orc sorcerers (D)
  A manticore (D)
  A cyclops (D)
  3 large abominations (D)
  A salamander (shapeshifter) (D)
  4 wolf spiders (D)
  2 merfolk sirens (D)
  5 moths of wrath (D)
  Psyche (D)
  A water nymph (D)
  3 guardian serpents (D)
  2 vault sentinels (D)
  3 smoke demons (D)
  4 naga magi (D)
  2 orange demons (D)
  2 komodo dragons (D)
  3 spiny frogs (D)
  A freezing wraith (D)
  A yaktaur (D)
  A tormentor (D)
  An efreet (D)
  17 guardian mummies (D)
  2 ice devils (D)
  A wandering mushroom (D)
  3 demonic crawlers (D)
  4 merfolk (D)
  7 red devils (D)
  2 jumping spiders (D)
  A hornet (D)
  3 tyrant leeches (D)
  A wind drake (D)
  A blink frog (D)
  A bog body (D)
  A snapping turtle (D)
  2 slime creatures (D)
  A hippogriff (D)
  A vampire (D)
  A tarantella (D)
  2 redbacks (D)
  11 spriggans (D)
  2 ynoxinuls (D)
  2 wyverns (D)
  A human (shapeshifter) (D)
  A basilisk (shapeshifter) (D)
  2 yaks (D)
  Grum (D)
  2 hungry ghosts (D)
  2 golden eyes (D)
  2 chaos spawn (D)
  A vampire mosquito (D)
  3 nagas (D)
  An acid dragon (D)
  2 porcupines (D)
  3 water moccasins (D)
  10 orc warriors (D)
  2 eyes of draining (D)
  2 swamp drakes (D)
  A boggart (D)
  5 wolves (D)
  A centaur (D)
  3 small abominations (D)
  2 crocodiles (D)
  9 bullfrogs (D)
  2 crimson imps (D)
  An iron imp (D)
  A hound (D)
  A jelly (D)
  2 orc priests (D)
  4 orc wizards (D)
  A hell rat (D)
  A worker ant (D)
  An adder (D)
  An ufetubus (D)
  2 oozes (D)
  16 orcs (D)
  A giant cockroach (D)
  A goblin (D)
  A hobgoblin (D)
  A bat (D)
  A jackal skeleton (D)
  2 kobolds (D)
619 creatures vanquished.

Vanquished Creatures (others)
  A deep elf master archer (D)
  A fire dragon (D)
  A sixfirhy (D)
  A spriggan druid (D)
  A naga mage (D)
  3 ball lightnings (D)
8 creatures vanquished.

Grand Total: 627 creatures vanquished

Notes
Turn   | Place    | Note
-------+----------+-------------------------------------------
     0 | D        | nuthulu the Gargoyle Fighter began the quest for the Orb.
     0 | D        | Reached XP level 1. HP: 14/14 MP: 1/1
    21 | D        | Reached XP level 2. HP: 13/20 MP: 2/2
   139 | D        | Noticed a crimson imp
   153 | D        | Reached XP level 3. HP: 14/25 MP: 3/3
   161 | D        | Reached skill level 5 in Fighting
   163 | D        | Reached skill level 5 in Armour
   163 | D        | Reached skill level 5 in Shields
   167 | D        | Reached XP level 4. HP: 15/31 MP: 4/4
   224 | D        | Found a roughly hewn altar of Beogh.
   224 | D        | Found a snail-covered altar of Cheibriados.
   224 | D        | Found a shadowy altar of Dithmenos.
   224 | D        | Found a white marble altar of Elyvilon.
   224 | D        | Found a blossoming altar of Fedhas.
   224 | D        | Found an opulent altar of Gozag.
   225 | D        | Found a hazy altar of Hepliaklqana.
   226 | D        | Found a viscous altar of Jiyva.
   227 | D        | Found an ancient bone altar of Kikubaaqudgha.
   228 | D        | Found a corrupted altar of Lugonu.
   229 | D        | Found a burning altar of Makhleb.
   230 | D        | Found a sparkling altar of Nemelex Xobeh.
   231 | D        | Found an iron altar of Okawaru.
   232 | D        | Found a stormy altar of Qazlal.
   233 | D        | Found a sacrificial altar of Ru.
   234 | D        | Found a deep blue altar of Sif Muna.
   235 | D        | Found a bloodstained altar of Trog.
   236 | D        | Found a hide-covered altar of Uskayaw.
   237 | D        | Found a radiant altar of Vehumet.
   238 | D        | Found an ornate altar of the Wu Jian Council.
   239 | D        | Became a worshipper of Warmaster Okawaru
   240 | D        | Found a shimmering altar of Xom.
   241 | D        | Found a basalt altar of Yredelemnul.
   242 | D        | Found a glowing silver altar of Zin.
   243 | D        | Found a glowing golden altar of the Shining One.
   326 | D        | Noticed a vampire
   326 | D        | Noticed a hungry ghost
   326 | D        | Noticed a water moccasin
   329 | D        | Killed a water moccasin
   329 | D        | Reached skill level 5 in Maces & Flails
   329 | D        | Reached XP level 5. HP: 37/37 MP: 5/5
   334 | D        | Killed a hungry ghost
   334 | D        | Reached * piety under Okawaru
   334 | D        | Reached XP level 6. HP: 44/44 MP: 6/6
   337 | D        | Killed a vampire
   337 | D        | Reached XP level 7. HP: 50/50 MP: 6/9
   381 | D        | Noticed a wind drake
   381 | D        | Noticed an efreet
   381 | D        | Noticed a wyvern
   381 | D        | Noticed a hungry ghost
   389 | D        | Noticed a meliai
   389 | D        | a wind drake changed into a meliai
   392 | D        | Killed a hungry ghost
   392 | D        | Reached ** piety under Okawaru
   396 | D        | Killed a wyvern
   396 | D        | Reached skill level 5 in Invocations
   396 | D        | Reached XP level 8. HP: 41/56 MP: 8/11
   409 | D        | Killed an efreet
   410 | D        | a meliai changed into a basilisk
   415 | D        | Reached *** piety under Okawaru
   415 | D        | Reached skill level 10 in Fighting
   415 | D        | Reached skill level 10 in Armour
   415 | D        | Reached skill level 10 in Shields
   632 | D        | Noticed Gastronok
   647 | D        | Killed Gastronok
   647 | D        | Reached **** piety under Okawaru
   647 | D        | Reached ***** piety under Okawaru
   647 | D        | Reached skill level 10 in Maces & Flails
   647 | D        | Reached XP level 9. HP: 46/65 MP: 12/15
   709 | D        | Noticed a komodo dragon
   727 | D        | Noticed a komodo dragon
   733 | D        | Reached XP level 10. HP: 62/71 MP: 8/16
   813 | D        | Noticed a spiny frog
   822 | D        | Killed a spiny frog
   832 | D        | Reached skill level 10 in Invocations
   856 | D        | Noticed a spiny frog
   860 | D        | Received a gift from Okawaru
   861 | D        | Noticed a spiny frog
   866 | D        | Killed a spiny frog
   882 | D        | Killed a spiny frog
  1043 | D        | Noticed Psyche
  1049 | D        | Killed Psyche
  1049 | D        | Reached XP level 11. HP: 78/78 MP: 19/19
  1136 | D        | Noticed an orc high priest
  1153 | D        | Killed an orc high priest
  1375 | D        | Found Liashre's Food Boutique.
  1375 | D        | Noticed an orc high priest
  1375 | D        | Noticed an orc sorcerer
  1375 | D        | Noticed an orc sorcerer
  1376 | D        | Noticed an orc knight
  1385 | D        | Killed an orc sorcerer
  1386 | D        | Found Ceskekeriva's Food Shop.
  1390 | D        | Killed an orc sorcerer
  1392 | D        | Noticed an orc high priest
  1400 | D        | Killed an orc high priest
  1411 | D        | Killed an orc knight
  1412 | D        | Found Kusaej's Assorted Antiques.
  1417 | D        | Noticed an orc high priest
  1438 | D        | Killed an orc high priest
  1439 | D        | Found Usexo's Jewellery Shop.
  1449 | D        | Noticed a soul eater
  1459 | D        | Killed an orc high priest
  1462 | D        | Noticed an orc knight
  1501 | D        | Killed an orc knight
  1501 | D        | Reached ****** piety under Okawaru
  1752 | D        | Bought a ration for 55 gold pieces
  1752 | D        | Bought a ration for 55 gold pieces
  1752 | D        | Bought a ration for 55 gold pieces
  1752 | D        | Bought a ration for 55 gold pieces
  1752 | D        | Bought a ration for 55 gold pieces
  1752 | D        | Bought a ration for 55 gold pieces
  1752 | D        | Bought a ration for 55 gold pieces
  1752 | D        | Bought a ration for 55 gold pieces
  1759 | D        | Bought an uncursed amulet of regeneration for 390 gold
                  | pieces
  1821 | D        | Noticed Grum
  1830 | D        | Killed Grum
  1991 | D        | Gained mutation: Scrolls take you a little longer to read.
                  | [potion of mutation]
  1991 | D        | Gained mutation: You have large cloven feet. [potion of
                  | mutation]
  1991 | D        | Gained mutation: You are partially covered in thin metallic
                  | scales. (AC +2) [potion of mutation]
  1991 | D        | Lost mutation: Scrolls take you a little longer to read.
                  | [potion of mutation]
  1997 | D        | Noticed a six-headed hydra
  2012 | D        | Killed a six-headed hydra
  2012 | D        | Received a gift from Okawaru
  2012 | D        | Reached XP level 12. HP: 67/86 MP: 19/21
  2031 | D        | Noticed an ettin
  2034 | D        | Noticed a fire dragon
  2035 | D        | Noticed a stone giant
  2036 | D        | Received a gift from Okawaru
  2058 | D        | Killed an ettin
  2058 | D        | Reached skill level 15 in Fighting
  2058 | D        | Reached skill level 15 in Armour
  2058 | D        | Reached skill level 15 in Shields
  2069 | D        | Killed a fire dragon
  2071 | D        | Noticed an anaconda
  2071 | D        | a deep troll changed into an anaconda
  2076 | D        | Noticed a great orb of eyes
  2076 | D        | an anaconda changed into a great orb of eyes
  2079 | D        | Noticed a green very ugly thing
  2080 | D        | Killed a stone giant
  2085 | D        | Killed a great orb of eyes
  2086 | D        | Noticed a rakshasa
  2096 | D        | Killed a green very ugly thing
  2101 | D        | Killed a rakshasa
  2145 | D        | Noticed a great orb of eyes
  2160 | D        | Killed a great orb of eyes
  2344 | D        | Noticed Snorg
  2361 | D        | Killed Snorg
  2475 | D        | Reached skill level 1 in Dodging
  2494 | D        | Noticed an emperor scorpion
  2531 | D        | Killed an emperor scorpion
  2531 | D        | Reached skill level 15 in Maces & Flails
  2531 | D        | Reached XP level 13. HP: 68/95 MP: 17/24
  2632 | D        | Reached skill level 5 in Dodging
  2632 | D        | Reached skill level 15 in Invocations
  2812 | D        | Received a gift from Okawaru
  2834 | D        | Noticed a thorn hunter
  2852 | D        | Killed a thorn hunter
  2868 | D        | Noticed a thorn hunter
  2908 | D        | Killed a thorn hunter
  2908 | D        | Received a gift from Okawaru
  2991 | D        | Noticed Aizul
  3007 | D        | Killed Aizul
  3050 | D        | Noticed a spark wasp
  3050 | D        | Noticed an ogre mage
  3064 | D        | Received a gift from Okawaru
  3068 | D        | Killed an ogre mage
  3071 | D        | Gained mutation: Your large and strong wings let you fly
                  | indefinitely. [Gargoyle growth]
  3071 | D        | Reached XP level 14. HP: 99/103 MP: 19/26
  3079 | D        | Reached skill level 10 in Dodging
  3080 | D        | Noticed a tengu reaver
  3086 | D        | Noticed a fire giant
  3093 | D        | Noticed a stone giant
  3105 | D        | Killed a tengu reaver
  3118 | D        | Killed a fire giant
  3128 | D        | Killed a stone giant
  3135 | D        | Received a gift from Okawaru
  3361 | D        | Noticed a vault warden
  3374 | D        | Killed a vault warden
  3404 | D        | Received a gift from Okawaru
  3420 | D        | Noticed an ironheart preserver
  3464 | D        | Noticed a black draconian knight
  3464 | D        | Noticed an Orb Guardian
  3465 | D        | Killed an ironheart preserver
  3478 | D        | Reached XP level 15. HP: 99/111 MP: 21/28
  3488 | D        | Killed a black draconian knight
  3491 | D        | Noticed a Killer Klown
  3498 | D        | Killed an Orb Guardian
  3512 | D        | Killed a Killer Klown
  3539 | D        | Received a gift from Okawaru
  3782 | D        | Noticed Nikola
  3789 | D        | Noticed Louise
  3800 | D        | Killed Nikola
  3821 | D        | Killed Louise
  4017 | D        | Noticed a tengu reaver
  4017 | D        | Noticed Sojobo
  4018 | D        | Noticed a tengu reaver
  4033 | D        | Killed a tengu reaver
  4069 | D        | Killed Sojobo
  4078 | D        | Killed a tengu reaver
  4253 | D        | Received a gift from Okawaru
  4275 | D        | Got a decaying rune of Zot
  4291 | D        | Noticed an emperor scorpion
  4291 | D        | Noticed an emperor scorpion
  4309 | D        | Killed an emperor scorpion
  4325 | D        | Killed an emperor scorpion
  4326 | D        | Noticed an emperor scorpion
  4337 | D        | Killed a ghost moth
  4337 | D        | Reached XP level 16. HP: 114/121 MP: 0/30
  4403 | D        | Got a gossamer rune of Zot
  4516 | D        | Noticed Ilsuiw
  4557 | D        | Killed Ilsuiw
  4611 | D        | Got a barnacled rune of Zot
  4662 | D        | Noticed a nagaraja
  4663 | D        | Noticed a nagaraja
  4667 | D        | Killed a nagaraja
  4667 | D        | Received a gift from Okawaru
  4687 | D        | Noticed a nagaraja
  4691 | D        | Noticed a nagaraja
  4696 | D        | Killed a nagaraja
  4707 | D        | Killed a nagaraja
  4716 | D        | Got a serpentine rune of Zot
  4743 | D        | Killed a nagaraja
  4768 | D        | Noticed Jory
  4793 | D        | Killed Jory
  4798 | D        | Noticed Nergalle
  4813 | D        | Killed Nergalle
  4945 | D        | Received a gift from Okawaru
  4996 | D        | Reached XP level 17. HP: 130/130 MP: 32/32
  5025 | D        | Received a gift from Okawaru
  5046 | D        | Noticed a quicksilver dragon
  5087 | D        | Killed a quicksilver dragon
  5185 | D        | Noticed a quicksilver dragon
  5190 | D        | Noticed a tentacled monstrosity
  5208 | D        | Killed a quicksilver dragon
  5244 | D        | Received a gift from Okawaru
  5247 | D        | Got a pair of steaming boots {god gift}
  5261 | D        | Killed a tentacled monstrosity
  5276 | D        | Got a silver rune of Zot
  5277 | D        | Identified the +0 pair of boots of the Yeti {Str+4 Slay+5}
                  | (Okawaru gifted it to you in the Dungeon)
  5431 | D        | Got the ring of Uskayaw's Envy {Int+6 Dex+5 Slay+2}
  5433 | D        | Got the ring "Feeshuk" {Fire rElec Str+3 Int+4 Dex-2}
  5435 | D        | Got the ring "Fumpaefy" {rPois Str+4 Int+3 Dex+3 SInv}
  5437 | D        | Got the amulet "Codybour" {Gourm rPois Dex+2}
  5439 | D        | Got the ring "Gyth" {Ice Int+3 Dex+3 Slay+2}
  5448 | D        | Got the +5 demon whip "Sinteoh" {flame, Int+4}
  5488 | D        | Got the +0 hat "Feati" {rF+ Regen+ rCorr}
  5612 | D        | Noticed a quicksilver dragon
  5618 | D        | Killed a quicksilver dragon
  5659 | D        | Noticed a golden dragon
  5672 | D        | Killed a golden dragon
  5680 | D        | Reached XP level 18. HP: 68/141 MP: 34/34
  5912 | D        | Noticed a tentacled monstrosity
  5912 | D        | Noticed a tentacled monstrosity
  5922 | D        | Killed a tentacled monstrosity
  5935 | D        | Killed a tentacled monstrosity
  5935 | D        | Received a gift from Okawaru
  5936 | D        | Got a shimmering morningstar {god gift}
  5960 | D        | Identified the +6 morningstar of Effaeps {freeze, MR++}
                  | (Okawaru gifted it to you in the Dungeon)
  5964 | D        | Noticed a golden dragon
  5981 | D        | Killed a golden dragon
  6167 | D        | Received a gift from Okawaru
  6307 | D        | Noticed a tentacled monstrosity
  6307 | D        | Noticed a tentacled monstrosity
  6322 | D        | Killed a tentacled monstrosity
  6322 | D        | Reached skill level 27 in Armour
  6329 | D        | Killed a tentacled monstrosity
  6329 | D        | Received a gift from Okawaru
  6329 | D        | Reached skill level 27 in Fighting
  6453 | D        | Noticed an Orb Guardian
  6453 | D        | Noticed an Orb Guardian
  6453 | D        | Noticed an Orb Guardian
  6453 | D        | Noticed an Orb Guardian
  6453 | D        | Noticed an Orb Guardian
  6453 | D        | Noticed an Orb Guardian
  6461 | D        | Killed an Orb Guardian
  6469 | D        | Killed an Orb Guardian
  6469 | D        | Reached skill level 27 in Invocations
  6477 | D        | Killed an Orb Guardian
  6477 | D        | Reached XP level 19. HP: 145/151 MP: 30/36
  6508 | D        | Reached skill level 27 in Maces & Flails
  6508 | D        | Reached skill level 27 in Shields
  6512 | D        | Reached skill level 15 in Dodging
  6518 | D        | Reached skill level 5 in Unarmed Combat
  6524 | D        | Noticed a curse toe
  6524 | D        | Noticed a Killer Klown
  6530 | D        | Killed a Killer Klown
  6549 | D        | Reached skill level 10 in Unarmed Combat
  6555 | D        | Killed a curse toe
  6562 | D        | Received a gift from Okawaru
  6563 | D        | Found the -2 hat of the Alchemist {rElec rPois rF+ rC+ rN+
                  | MR+ rMut rCorr}
  6603 | D        | Noticed an ancient lich
  6608 | D        | Killed an ancient lich
  6610 | D        | Noticed an orb of fire
  6622 | D        | Killed an orb of fire
  6622 | D        | Reached skill level 15 in Unarmed Combat
  6712 | D        | Noticed an electric golem
  6730 | D        | Killed an electric golem
  6733 | D        | Noticed an orb of fire
  6733 | D        | Noticed an ancient lich
  6733 | D        | Noticed a tentacled monstrosity
  6733 | D        | Noticed a Killer Klown
  6733 | D        | Noticed an orb of fire
  6735 | D        | Noticed an orb of fire
  6748 | D        | Killed an orb of fire
  6753 | D        | Killed a Killer Klown
  6759 | D        | Killed a tentacled monstrosity
  6759 | D        | Received a gift from Okawaru
  6764 | D        | Killed an ancient lich
  6764 | D        | Reached XP level 20. HP: 99/157 MP: 34/37
  6774 | D        | Killed an orb of fire
  6775 | D        | Gained mutation: You occasionally shout uncontrollably at
                  | your foes. [an orb of fire]
  6781 | D        | Noticed a golden dragon
  6787 | D        | Killed an orb of fire
  6801 | D        | Noticed a Killer Klown
  6802 | D        | Killed a golden dragon
  6804 | D        | Noticed an ancient lich
  6824 | D        | Killed an ancient lich
  6827 | D        | Killed a Killer Klown
  6987 | D        | Received a gift from Okawaru
  7613 | D        | Got a steaming platinum ring
  8718 | D        | Fell from the grace of Okawaru
  8718 | D        | Became a worshipper of the Shining One
  8996 | D        | Bought a ration for 65 gold pieces
  8996 | D        | Bought a ration for 65 gold pieces
  8996 | D        | Bought a ration for 65 gold pieces
  8996 | D        | Bought a ration for 65 gold pieces
  8996 | D        | Bought a ration for 65 gold pieces
  8996 | D        | Bought a ration for 65 gold pieces
  8996 | D        | Bought a ration for 65 gold pieces
  8996 | D        | Bought a ration for 65 gold pieces
  8996 | D        | Bought a ration for 65 gold pieces
  8996 | D        | Bought a ration for 65 gold pieces
 10300 | D        | Noticed an ancient lich
 10300 | D        | Reached * piety under the Shining One
 10300 | D        | Noticed an ancient lich
 10300 | D        | Reached ** piety under the Shining One
 10315 | D        | Killed an ancient lich
 10315 | D        | Reached *** piety under the Shining One
 10321 | D        | Killed an ancient lich
 10321 | D        | Reached XP level 21. HP: 163/163 MP: 38/38
 10322 | D        | Noticed an ancient lich
 10322 | D        | Reached **** piety under the Shining One
 10326 | D        | Reached ***** piety under the Shining One
 10337 | D        | Reached skill level 27 in Unarmed Combat
 10344 | D        | Killed an ancient lich
 10344 | D        | Reached skill level 27 in Dodging
 10354 | D        | Reached ****** piety under the Shining One
 10370 | D        | Reached skill level 5 in Long Blades
 10380 | D        | Reached skill level 5 in Stealth
 10408 | D        | Reached skill level 5 in Throwing
 10408 | D        | Reached skill level 5 in Spellcasting
 10408 | D        | Reached skill level 5 in Evocations
 10439 | D        | Reached skill level 10 in Long Blades
 10447 | D        | Reached skill level 10 in Stealth
 10642 | D        | Identified the ring of the Princess {EV+3 Dex+6 Stlth+}
                  | (You found it in the Dungeon)
 10682 | D        | Noticed the Royal Jelly
 10689 | D        | Reached skill level 10 in Throwing
 10689 | D        | Reached skill level 10 in Spellcasting
 10689 | D        | Reached skill level 10 in Evocations
 10747 | D        | Killed the Royal Jelly
 10747 | D        | Reached skill level 15 in Stealth
 10775 | D        | Got a slimy rune of Zot
 10872 | D        | Reached XP level 22. HP: 158/169 MP: 39/39
 10970 | D        | Identified a +9 morningstar of holy wrath (a +8 morningstar
                  | of crushing blessed by the Shining One)
 10970 | D        | Received a gift from the Shining One
 11045 | D        | Reached skill level 15 in Throwing
 11045 | D        | Reached skill level 15 in Spellcasting
 11045 | D        | Reached skill level 15 in Evocations
 11411 | D        | Noticed a greater mummy
 11411 | D        | Noticed a greater mummy
 11411 | D        | Noticed a greater mummy
 11411 | D        | Noticed a greater mummy
 11415 | D        | Noticed a greater mummy
 11504 | D        | Killed a greater mummy
 11506 | D        | Killed a greater mummy
 11507 | D        | Killed a greater mummy
 11515 | D        | Killed a greater mummy
 11520 | D        | Killed a greater mummy
 11578 | D        | Noticed a greater mummy
 11582 | D        | Killed a greater mummy
 11637 | D        | Noticed a greater mummy
 11641 | D        | Killed a greater mummy
 11882 | D        | Got a golden rune of Zot
 11918 | D        | Got an abyssal rune of Zot
 12056 | D        | Noticed Geryon
 12063 | D        | Killed Geryon
 12065 | D        | Noticed Mnoleg
 12065 | D        | Identified the +7 sceptre of Asmodeus
 12065 | D        | Noticed Asmodeus
 12065 | D        | Identified the +6 sword of Cerebov {flame}
 12065 | D        | Noticed Cerebov
 12070 | D        | Noticed Ereshkigal
 12074 | D        | Noticed Gloorx Vloq
 12088 | D        | Killed Asmodeus
 12091 | D        | Killed Mnoleg
 12182 | D        | Killed Cerebov
 12182 | D        | Reached XP level 23. HP: 96/175 MP: 22/47
 12188 | D        | Killed Gloorx Vloq
 12194 | D        | Killed Ereshkigal
 12391 | D        | Got an obsidian rune of Zot
 12395 | D        | Got a glowing rune of Zot
 12399 | D        | Got a fiery rune of Zot
 12401 | D        | Noticed Antaeus
 12402 | D        | Noticed Lom Lobon
 12405 | D        | Got a bone rune of Zot
 12408 | D        | Identified the +4 staff of Dispater
 12408 | D        | Noticed Dispater
 12419 | D        | Killed Lom Lobon
 12436 | D        | Killed Antaeus
 12436 | D        | Reached skill level 27 in Stealth
 12449 | D        | Killed Dispater
 12455 | D        | Got a dark rune of Zot
 12459 | D        | Got an icy rune of Zot
 12464 | D        | Got a magical rune of Zot
 12468 | D        | Got an iron rune of Zot
 12770 | D        | Got an elven rune of Zot
 12882 | D        | Got the Orb of Zot
 13467 | D        | Noticed Usyut the pandemonium lord
 13479 | D        | Killed Usyut the pandemonium lord
 13672 | D        | Noticed Amaud the pandemonium lord
 13680 | D        | Killed Amaud the pandemonium lord
 13891 | D        | Gained mutation: Armour fits poorly on your strangely
                  | shaped body. [a cacodemon]
 13951 | D        | Noticed Domuu the pandemonium lord
 13968 | D        | Killed Domuu the pandemonium lord
 13975 | D        | Reached XP level 24. HP: 138/181 MP: 51/51
 13991 | D        | Noticed Neti Git the pandemonium lord
 14013 | D        | Killed Neti Git the pandemonium lord
 14561 | D        | Noticed Erghism the pandemonium lord
 14566 | D        | Killed Erghism the pandemonium lord
 14717 | D        | Escaped with the Orb!

Skill      XL: |  1  2  3  4  5  6  7  8  9 10 11 12 13 14 15 16 17 18 19 20 21 22 23 24 |
---------------+-------------------------------------------------------------------------+-----
Fighting       | 4 5 6 7 8 9 11 13 14 16 17 19 21 23 25 27 | 27.0
Armour         | 4 5 6 7 8 9 11 13 14 16 17 19 21 23 25 27 | 27.0
Shields        | 4 5 6 7 8 9 11 13 14 16 17 20 22 26 27 | 27.0
Maces & Flails | 3 4 5 6 7 8 10 12 13 15 16 17 19 21 23 26 27 | 27.0
Invocations    | 2 5 8 9 11 13 14 16 18 20 22 24 27 | 27.0
Dodging        | 4 9 13 14 21 25 27 | 27.0
Unarmed Combat | 19 26 27 | 27.0
Long Blades    | 12 | 12.7
Throwing       | 13 20 24 25 | 25.8
Stealth        | 16 24 27 | 27.0
Spellcasting   | 13 20 24 25 | 25.8
Evocations     | 13 20 24 25 | 25.8

Action                   |  1- 3 |  4- 6 |  7- 9 | 10-12 | 13-15 | 16-18 | 19-21 | 22-24 || total
-------------------------+-------+-------+-------+-------+-------+-------+-------+-------++-------
Melee: Flail             |    42 |       |       |       |       |       |       |       ||    42
       Morningstar       |       |    10 |    63 |   432 |   612 |   784 |   471 |   559 ||  2931
Invok: Heroism           |       |       |     3 |     7 |    10 |    10 |     3 |       ||    33
       Finesse           |       |       |     1 |     6 |     8 |     9 |     2 |       ||    26
       Cleansing Flame   |       |       |       |       |       |       |       |    40 ||    40
       Divine Shield     |       |       |       |       |       |       |       |     3 ||     3
       Summon Divine War |       |       |       |       |       |       |       |     2 ||     2
       Brand Weapon With |       |       |       |       |       |       |       |     1 ||     1
  Use: Potion            |       |     1 |     2 |     5 |     2 |     3 |     7 |    25 ||    45
       Scroll            |       |       |       |       |     4 |     4 |     1 |     2 ||    11
 Stab: Confused          |       |       |       |       |     2 |       |       |       ||     2
  Eat: Chunk             |       |       |     3 |     2 |       |       |       |     1 ||     6
       Ration            |       |       |     1 |     1 |     2 |     2 |     4 |     6 ||    16
Armor: Scale mail        |    25 |       |       |       |       |       |       |       ||    25
       Chain mail        |       |     6 |    19 |    27 |       |       |       |       ||    52
       Plate armour      |       |       |       |    91 |   145 |       |       |       ||   236
       Gold dragon scale |       |       |       |       |    49 |   161 |    83 |    99 ||   392
Dodge: Dodged            |    12 |     2 |     9 |    81 |    93 |   112 |   113 |   118 ||   540
Block: Shield            |    23 |     2 |    24 |   208 |   143 |       |       |       ||   400
       Large shield      |       |       |       |       |    90 |   433 |   274 |   456 ||  1253
